 Dungeon Crawl Stone Soup version 0.32-a0-928-g1cae6b7ea0 (webtiles) character file.

Game seed: 2318254787461579142

228 kae the Changeling (level 5, 0/40 HPs)
             Began as a Demonspawn Shapeshifter on Apr 12, 2024.
             Slain by a river rat (8 damage)
             ... on level 4 of the Dungeon.
             The game lasted 00:03:14 (3194 turns).

kae the Changeling (Demonspawn Shapeshifter)        Turns: 3194, Time: 00:03:14

Health: 0/40       AC:  8    Str: 14    XL:     5   Next: 70%
Magic:  5/5        EV: 11    Int: 11    God:
Gold:   250        SH:  0    Dex: 14    Spells: 4/4 levels left

rFire   . .          .
                       - Unarmed
rCold   . . .        (no shield)
rNeg    . . .        a - +0 animal skin
rPois   .            (helmet currently unavailable)
rElec   .            (cloak currently unavailable)
rCorr   .            (gloves currently unavailable)
SInv    .            (boots currently unavailable)
Will    .....        (no amulet)
Stlth   +            (no ring)
HPRegen 0.26/turn    (no ring)
MPRegen 0.09/turn

%: no passive effects
@: beast-form, sanguine armoured
A: beast (slay +2), antennae 1, sanguine armour 1, inability to read after
injury 1
a: Begin Untransformation


You were on level 4 of the Dungeon.
You were a hulking beast.
You visited 1 branch of the dungeon, and saw 4 of its levels.

You collected 250 gold pieces.


Innate Abilities, Weirdness & Mutations

You are a hulking beast.
Your limbs bulge with bestial killing power. (Slay +2)
You have a pair of small antennae on your head.
When seriously injured, your blood forms armour. (AC +6)
You occasionally lose the ability to read scrolls when taking damage.


   Skills:
 + Level 2.9 Fighting
 - Level 1.7 Dodging
 + Level 3.7 Unarmed Combat
 * Level 4.3 Shapeshifting


You had 4 spell levels left.
You didn't know any spells.
Your spell library contained the following spells:

 Spells                   Type           Power      Damage    Failure   Level
 Kiss of Death            Conj/Necr      0%         2d5       34%         1
 Sandblast                Erth           0%         2d4       34%         1
 Shock                    Conj/Air       0%         1d3       34%         1
 Summon Small Mammal      Summ           0%         N/A       34%         1
 Swiftness                Air            0%         N/A       71%         3
 Airstrike                Air            0%         2d(0-16)  98%         4

Inventory:

Missiles
 e - 42 stones (quivered)
 k - 5 poisoned darts
 n - 2 curare-tipped darts {=f}
Armour
 a - a +0 animal skin (worn)
 h - a +1 cloak
   (You found it on level 1 of the Dungeon)
Magical Staves
 f - a staff of cold {!a}
   (You found it on level 1 of the Dungeon)
Talismans
 c - a beast talisman (active)
 d - a flux talisman
Scrolls
 p - a scroll of teleportation {@r4}
 s - a scroll of enchant weapon {unknown}
Potions
 b - a potion of lignification {!q}
 g - 2 potions of curing {@q1}
 j - a potion of cancellation
 m - a potion of magic
 o - a potion of invisibility
 q - a potion of brilliance {unknown}
 r - 2 potions of berserk rage {unknown}

Dungeon Overview and Level Annotations

Branches:
Dungeon (4/15) Zot: 20825
 Temple: D:4-7

Altars:
Trog
Vehumet

Shops:
D:2

( ## #.. . . #.# .. .#
.##.##..####.# ## .....
..... ..# #..# ##.######
...#
#..####.......#####....
##..............?......#
#.....#........h~......#
#####
#.#.#.........†r~~~.~..#
#....
#.#.........####~#~#~~.
#....
#.######....#~~~~~~~~~.#
##.... #.#
######~########.# #..ß+ß
#.# ###### #..#.# #.#
#....# #..#..
#.######.#### ##..#..
#.....##.####
#####...#.#


You could see a river rat.


Message History

You closely miss the river rat. The river rat bites you.
* * * LOW HITPOINT WARNING * * *
The iguana bites you but does no damage. 😨 HP[-3]
You take 3 damage, and now have 15/58 hp.
You hit the river rat but do no damage. You closely miss the river rat.
The river rat barely misses you.
The iguana bites you but does no damage. 😨 HP[+1]
You closely miss the river rat.
The river rat bites you but does no damage.
The iguana bites you!
* * * LOW HITPOINT WARNING * * *
😱 HP[-10]
You take 10 damage, and now have 6/58 hp.
You smack the river rat!
You kill the river rat!
You now have 60 max hp (+2).
You cannot move.
You cannot move.
You hit the iguana.
The iguana bites you but does no damage.
You closely miss the iguana. You hit the iguana but do no damage.
The iguana bites you but does no damage. 😱 HP[+1]
You closely miss the iguana.
The iguana bites you but does no damage.
You closely miss the iguana.
The ribbon worm expels a string of sticky webbing.
The stream of webbing hits you but does no damage.
You are caught in a web!
The web tears apart.
The iguana bites you but does no damage.
You smack the iguana!
You kill the iguana!
You can read scrolls again.
The ribbon worm bites you.
* * * LOW HITPOINT WARNING * * *
😱 HP[-4]
You take 4 damage, and now have 3/60 hp.
You cannot move.
You cannot move.
You hit the ribbon worm but do no damage. 😱 HP[+1]
You hit the ribbon worm.
The ribbon worm bites you but does no damage.
You hit the ribbon worm. You hit the ribbon worm.
The ribbon worm expels a string of sticky webbing.
The stream of webbing hits you but does no damage.
You are caught in a web!
You struggle to detach yourself from the web.
You struggle to detach yourself from the web.
The ribbon worm bites you.
* * * LOW HITPOINT WARNING * * *
😱 HP[-2]
You take 2 damage, and now have 2/60 hp.
The web tears apart.
You smack the ribbon worm!
You kill the ribbon worm!
You cannot move.
You cannot move.
You start resting.
Your transformation is almost over.
Your extra speed is starting to run out. 😱 HP[+3]
You regained 3 hp, and now have 5/60 hp.
You start resting.
You feel yourself slow down. 😱 HP[+2]
You regained 2 hp, and now have 7/60 hp.
Unknown command.
You start resting.
You feel less wooden.
Your +0 animal skin unmelds from your body.
You turn into a hulking beast.
Your blood congeals into armour. 😱 HP[-2]
You now have 40 max hp (-20).
Unknown command.
You enter the shallow water.
Moving in this stuff is going to be slow.
You see here a ribbon worm corpse.
You hear the rusting of a drain very nearby.
A river rat comes into view.
The river rat squeaks loudly. 😱 HP[+1]
The river rat bites you but does no damage. 😱 HP[+1] Unknown command.
You hit the river rat.
The river rat twitches its whiskers.
The river rat bites you but does no damage.
You hit the river rat but do no damage.
The river rat bites you but does no damage.
Unknown command.
You barely miss the river rat.
The river rat bites you but does no damage.
You hit the river rat. The river rat bites you!
You die...

Skill      XL: |  1  2  3  4 |
---------------+-------------+-----
Shapeshifting  | 3 4 |  4.3
Unarmed Combat | 3 |  3.7
Fighting       | 2 |  2.9
Dodging        | |  1.7

Action                     |  1- 3 |  4- 6 || total
---------------------------+-------+-------++-------
  Melee: Unarmed           |   117 |   111 ||   228
         Punch             |     1 |     1 ||     2
    Use: Scroll            |       |    10 ||    10
         Potion            |       |     6 ||     6
   Stab: Sleeping          |     2 |     2 ||     4
 Armour: Animal skin       |    59 |    53 ||   112
         Skin              |       |    16 ||    16
  Dodge: Dodged            |    57 |    43 ||   100

Levels and vault maps discovered:
D:1:      minmay_arrival_shoal_huts, layout_rooms, minmay_unequal
D:2:      kb_forest_paths, layout_basic, serial_shops, nicolae_lakefront_shop,
          chequers_ecumenical_altar_twisty
D:3:      layout_loops_ring, fiery_altar_vehumet
D:4:      layout_loops_cross, mainiacjoe_overflow_alcove_2,
          jmf_multi_god_temple2, lightli_sewer_entry_pipes

Notes
Turn   | Place    | Note
-------+----------+-------------------------------------------
     0 | D:1      | kae the Demonspawn Shapeshifter began the quest for the
                  | Orb.
     0 | D:1      | Reached XP level 1. HP: 15/15 MP: 1/1
     0 | D:1      | magus.rc [v1.11.3]
   221 | D:1      | Gained mutation: You have a pair of small antennae on your
                  | head. [demonic ancestry]
   221 | D:1      | Reached XP level 2. HP: 21/21 MP: 2/2
   268 | D:1      | Reached skill level 3 in Shapeshifting
   373 | D:1      | You add the spells Kiss of Death, Sandblast and Summon
                  | Small Mammal to your library.
   373 | D:1      | Got Mungente's Tutorial on the Mind of the Magus
   643 | D:2      | Reached skill level 3 in Unarmed Combat
   643 | D:2      | Gained mutation: When seriously injured, your blood forms
                  | armour. (AC +6) [demonic ancestry]
   643 | D:2      | Reached XP level 3. HP: 9/27 MP: 3/3
   645 | D:2      | HP: 5/27 [giant cockroach (2)]
   764 | D:2      | Identified the +8 quarterstaff "Fownae" {chaos, ^Drain rC+
                  | Str+4 Stlth+}
   772 | D:2      | Found a faded altar of an unknown god.
   900 | D:2      | You pick up a book of Air and begin reading...
   900 | D:2      | You add the spells Shock, Swiftness and Airstrike to your
                  | library.
   985 | D:2      | Reached skill level 2 in Fighting
  1292 | D:2      | Reached XP level 4. HP: 22/33 MP: 4/4
  1776 | D:2      | Found Onahiv's Weapon Boutique.
  2192 | D:3      | Found a radiant altar of Vehumet.
  2940 | D:4      | Found a bloodstained altar of Trog.
  2973 | D:4      | Noticed a scorpion
  2993 | D:4      | Killed a scorpion
  2994 | D:4      | Reached skill level 4 in Shapeshifting
  2994 | D:4      | Reached XP level 5. HP: 13/39 MP: 5/5
  3135 | D:4      | Gained mutation: You occasionally lose the ability to read
                  | scrolls when taking damage. [potion of mutation]
  3136 | D:4      | HP: 6/39 [iguana (9)]
  3144 | D:4      | HP: 6/58 [iguana (10)]
  3152 | D:4      | HP: 3/60 [ribbon worm (4)]
  3158 | D:4      | HP: 2/60 [ribbon worm (3)]
  3194 | D:4      | Slain by a river rat

Vanquished Creatures
  A scorpion (D:4)
  2 iguanas (D:4)
  5 adders
  A river rat (D:4)
  A dart slug (D:2)
  2 ribbon worms
  3 bats
  5 endoplasms
  5 giant cockroaches
  6 hobgoblins
  6 jackals
  5 kobolds
  6 quokkas
  3 ball pythons
  3 frilled lizards
  5 goblins
  4 rats
63 creatures vanquished.

Vanquished Creatures (others)
  A rat (D:3)
1 creature vanquished.

Grand Total: 64 creatures vanquished

Table legend:
 A = Non-vault XP
 B = Vault XP
 C = Vault XP percentage of total XP
 D = Non-vault monster count
 E = Vault monster count
 F = Vault count percentage of total count
                 A         B        C        D         E       F
            +---------+---------+-------+---------+---------+-------
      Total |     284 |      42 |  12.9 |      54 |       9 |  14.3
            +---------+---------+-------+---------+---------+-------
        D:1 |      22 |       2 |   8.3 |      13 |       1 |   7.1
        D:2 |      63 |      23 |  26.7 |      16 |       6 |  27.3
        D:3 |      48 |       0 |   0.0 |      20 |       0 |   0.0
        D:4 |     151 |      17 |  10.1 |       5 |       2 |  28.6
            +---------+---------+-------+---------+---------+-------

Skill      XL: |  1  2  3  4 |
---------------+-------------+-----
Shapeshifting  | 3 4 |  4.3
Unarmed Combat | 3 |  3.7
Fighting       | 2 |  2.9
Dodging        | |  1.7

Action                     |  1- 3 |  4- 6 || total
---------------------------+-------+-------++-------
  Melee: Unarmed           |   117 |   111 ||   228
         Punch             |     1 |     1 ||     2
    Use: Scroll            |       |    10 ||    10
         Potion            |       |     6 ||     6
   Stab: Sleeping          |     2 |     2 ||     4
 Armour: Animal skin       |    59 |    53 ||   112
         Skin              |       |    16 ||    16
  Dodge: Dodged            |    57 |    43 ||   100

Illustrated notes

Table legend:
 A = Kills in this place as a percentage of kills in the entire game.
 B = Kills by you in this place as a percentage of kills by you in the entire game.
 C = Kills by friends in this place as a percentage of kills by friends in the entire game.
 D = Other kills in this place as a percentage of other kills in the entire game.
 E = Experience gained in this place as a percentage of experience gained in the entire game.
 F = Experience gained in this place divided by the number of levels of this place that you have seen.
                   A       B       C       D       E      F
               +-------+-------+-------+-------+-------+----------------------
         Total | 100.0 | 100.0 |   N/A |   N/A | 100.0 |  81.5
       Dungeon | 100.0 | 100.0 |   N/A |   N/A | 100.0 |  81.5
               +-------+-------+-------+-------+-------+----------------------

Table legend: (Time is in decaauts)
 A = Elapsed time spent in this place.
 B = Non-inter-level travel time spent in this place.
 C = Inter-level travel time spent in this place.
 D = Time resting spent in this place.
 E = Time spent auto-exploring this place.
 F = Levels seen in this place.
 G = Mean time per level.
                   A        B        C        D        E       F      G
               +--------+--------+--------+--------+--------+-----+--------+
         Total |   3173 |   3012 |    161 |    113 |   2310 |   4 |  793.2 |
       Dungeon |   3173 |   3012 |    161 |    113 |   2310 |   4 |  793.2 |
               +--------+--------+--------+--------+--------+-----+--------+

Top non-repeatable levels by time:
     D:2: 1296 daAuts
     D:3: 965 daAuts
     D:1: 597 daAuts
     D:4: 313 daAuts
